 Dungeon Crawl Stone Soup version 0.27.1-4-g1640c2035a (webtiles) character file.

Game seed: 11686295593924181016

45 pkoi the Shield-Bearer (level 3, -5/31 HPs)
             Began as a Minotaur Fighter on Nov 9, 2021.
             Slain by an ogre (14 damage)
             ... on level 3 of the Dungeon.
             The game lasted 00:01:39 (1902 turns).

pkoi the Shield-Bearer (Minotaur Fighter)           Turns: 1902, Time: 00:01:40

Health: -5/31      AC:  8    Str: 21    XL:     3   Next: 42%
Magic:  11/11      EV:  7    Int:  5    God:
Gold:   128        SH:  9    Dex:  9    Spells: 2/2 levels left

rFire    . . .     SeeInvis .   a - +0 long sword
rCold    . . .     Faith    .   c - +0 kite shield
rNeg     . . .     Spirit   .   b - +0 scale mail
rPois    .         Reflect  .   (helmet restricted)
rElec    .         Harm     .   (no cloak)
rCorr    .         Rampage  .   (no gloves)
Will     .....                  (no boots)
Stlth    ..........             (no amulet)
HPRegen  0.10/turn              k - ring of magical power
MPRegen  0.12/turn              (no ring)

@: no status effects
A: horns 2, retaliatory headbutt, iridescent scales 1
a: no special abilities


You were on level 3 of the Dungeon.
You visited 1 branch of the dungeon, and saw 3 of its levels.

You collected 128 gold pieces.

Inventory:

Hand Weapons
 a - a +0 long sword (weapon)
Armour
 b - a +0 scale mail (worn)
 c - a +0 kite shield (worn)
Jewellery
 k - a ring of magical power (left hand)
Scrolls
 e - a scroll of enchant weapon {unknown}
Potions
 d - 3 potions of might
 h - a potion of haste {unknown}
 i - 2 potions of invisibility {unknown}
 m - a potion of ambrosia


   Skills:
 - Level 3.6 Fighting
 + Level 3.7 Long Blades
 - Level 3.6 Armour
 + Level 4.6 Shields


You had 2 spell levels left.
You didn't know any spells.
Your spell library contained the following spells:

 Spells                   Type           Power      Damage    Failure   Level
 Ignite Poison            Fire/Tmut/Pois 0%         N/A       100%        3
 Mephitic Cloud           Conj/Pois/Air  0%         N/A       100%        3
 Bolt of Magma            Conj/Fire/Erth 0%         4d4       100%        5


Dungeon Overview and Level Annotations

Branches:
Dungeon (3/15)

Altars:


Innate Abilities, Weirdness & Mutations

You have a pair of horns on your head.
You reflexively headbutt those who attack you in melee.
You are partially covered in iridescent scales. (AC +2)


Message History

There is an open door here.
Found a long sword.
Found a stone staircase leading down.
You see here a +0 long sword.
You see here a +0 long sword.
You open the door.
There is an open door here.
Found a black potion.
m - a black potion An ogre comes into view.
It is wielding a +0 giant club.
The ogre shouts!
An ogre is nearby!
An ogre is nearby!
An ogre is nearby!
An ogre is nearby!
It was a potion of mutation.
You feel extremely strange.
Iridescent scales grow over part of your body.
Unknown command.
Unknown command.
As you read the scroll labelled UWERRU ODIMUR, it crumbles to dust.
Your body is wracked with pain!
The ogre convulses!
It was a scroll of torment.
As you read the scroll labelled LUATOFFO QAER, it crumbles to dust.
It is a scroll of identify.
m - a potion of ambrosia
As you read the scroll labelled HUANTU WOSUED, it crumbles to dust.
You feel strangely unstable.
It was a scroll of teleportation.
The ogre hits you with a +0 giant club.
* * * LOW HITPOINT WARNING * * *
Your surroundings suddenly seem different.
You hit the ogre.
The ogre is heavily wounded.
The ogre hits you with a +0 giant club.
* * * LOW HITPOINT WARNING * * *
The ogre closely misses you. You furiously retaliate!
You headbutt the ogre.
You riposte.
You slash the ogre!
The ogre is almost dead.
You hit the ogre.
The ogre is almost dead.
The ogre hits you with a +0 giant club!
You die...

##.# #.##...#
#.# ##.# #.#
... #.# #.##
#.#
..######.#####
#..###.#
#............#
#......#
+............#
#......#
#............#
#......#
#............#
#......#
#............#
#......#
#....@O......#
###..#)#
#............#
##.#.#
#............#
#.#.#
#............#
#...#
#............
##..#
#............
#..#
#............
####.#
#............
#...>#
..###########


You could see an ogre.

Vanquished Creatures
  3 dart slugs
  An orc (D:3)
  5 ball pythons
  4 endoplasms
  2 giant cockroaches
  3 goblins
  2 hobgoblins (D:2)
  2 quokkas
  6 bats
  2 frilled lizards
  3 kobolds (D:1)
  5 rats
38 creatures vanquished.

Notes
Turn   | Place    | Note
-------+----------+-------------------------------------------
     0 | D:1      | pkoi the Minotaur Fighter began the quest for the Orb.
     0 | D:1      | Reached XP level 1. HP: 19/19 MP: 0/0
    78 | D:1      | Reached skill level 4 in Shields
    78 | D:1      | Reached XP level 2. HP: 19/26 MP: 1/1
  1102 | D:2      | Reached XP level 3. HP: 31/31 MP: 2/2
  1890 | D:3      | Noticed an ogre
  1892 | D:3      | Gained mutation: You are partially covered in iridescent
                  | scales. (AC +2) [potion of mutation]
  1902 | D:3      | Slain by an ogre

Illustrated notes

Levels and vault maps discovered:
D:1:      amcnicky_arrival_choice, layout_loops_ring, serial_forest,
          infiniplex_forest_corner_1, infiniplex_forest_end_1,
          infiniplex_forest_3_way, infiniplex_forest_clump_small,
          infiniplex_forest_end_1, infiniplex_forest_clump_tiny,
          infiniplex_forest_lined_2, minmay_indecisive_spiral
D:2:      layout_basic
D:3:      layout_basic, dreamdust_ecumenical_altar_hidden_monk_grotto,
          uniq_crazy_yiuf_cottage

Skill      XL: |  1 |
---------------+----+-----
Long Blades    | 3 |  3.7
Shields        | 4 |  4.6
Fighting       | |  3.6
Armour         | |  3.6

Action                   || total
-------------------------++-------
Melee: Long sword        ||    70
       Headbutt          ||     8
  Use: Scroll            ||     3
       Potion            ||     1
Armor: Scale mail        ||    28
Dodge: Dodged            ||    34
Block: Kite shield       ||    30
       Rpst.: Long sword ||     8
